 Dungeon Crawl Stone Soup version 0.25.1-2-g60ff931df9 (webtiles) character file.

Game seed: 13459044066003709403

34 snek11 the Sneak (level 3, 0/24 HPs)
             Began as an Octopode Assassin on Oct 13, 2020.
             Slain by Natasha (8 damage)
             ... on level 3 of the Dungeon.
             The game lasted 00:07:33 (926 turns).

snek11 the Sneak (Octopode Assassin)                 Turns: 926, Time: 00:07:33

Health: 0/24       AC:  1    Str: 11    XL:     3   Next: 31%
Magic:  3/3        EV: 13    Int: 13    God:
Gold:   88         SH:  0    Dex: 13    Spells: 2/2 levels left

rFire    . . .     SeeInvis .   f - +2 short sword (venom)
rCold    + . .     Gourm    .   (no shield)
rNeg     . . .     Faith    .   (helmet restricted)
rPois    .         Spirit   .   (no amulet)
rElec    .         Reflect  .   r - ring of protection from cold
rCorr    .         Harm     .   (no ring)
MR       .....                  (no ring)
Stlth    ++++......             (no ring)
HPRegen  0.08/turn              (no ring)
MPRegen  0.08/turn              (no ring)
                                (no ring)
                                (no ring)

@: no status effects
A: almost no armour, stealthy swim, amphibious, 8 rings, constrict 8, camouflage
1, gelatinous body 1
a: no special abilities


You were on level 3 of the Dungeon.
You were not hungry.

You visited 1 branch of the dungeon, and saw 3 of its levels.

You collected 88 gold pieces.

Inventory:

Hand Weapons
 a - a +2 dagger
 f - a +2 short sword of venom (weapon)
 h - a +0 dagger
 m - a +0 hunting sling
Missiles
 b - 8 poisoned darts
 c - 2 curare-tipped darts
 g - 75 stones (quivered)
 k - 16 arrows
Jewellery
 r - a ring of protection from cold (left tentacle)
Scrolls
 l - a scroll of fog {unknown}
 n - a scroll of fear {unknown}
 p - a scroll of identify {unknown}
Potions
 e - 2 potions of degeneration {unknown}
 i - a potion of haste {unknown}
 o - a potion of heal wounds {unknown}
Comestibles
 d - 3 rations
 q - a chunk of flesh


   Skills:
 + Level 2.0 Fighting
 + Level 2.3 Short Blades
 + Level 2.4 Throwing
 + Level 1.3 Dodging
 + Level 6.0 Stealth


You had 2 spell levels left.
You didn't know any spells.
Your spell library was empty.

Dungeon Overview and Level Annotations

Branches:
Dungeon (3/15)

Altars:

Annotations:
D:3 Natasha


Innate Abilities, Weirdness & Mutations

You cannot wear most types of armour.
You are very stealthy in the water. (Stealth+)
You are amphibious.
You can wear up to eight rings at the same time.
You can use your tentacles to constrict eight enemies at once.
Your skin changes colour to match your surroundings (Stealth+).
Your rubbery body absorbs attacks. (AC +1, EV +1)


Message History

The white imp disappears in a puff of smoke!
Found 11 stones.
The crimson imp disappears for a moment.
Found 13 stones and 12 gold pieces.
Natasha casts a spell at you. The magic dart hits you!
The white imp barely misses you.
There is a stone staircase leading down here.
The white imp barely misses you. Natasha barely misses you.
The crimson imp blinks!
You climb downwards.
The white imp disappears in a puff of smoke!
The crimson imp disappears in a puff of smoke!
A leopard gecko comes into view.
There is a stone staircase leading up here.
Okay, then.
As you read the scroll labeled ROWKOUDDIU, it crumbles to dust.
It is a scroll of amnesia.
You feel forgetful for a moment. Natasha claws you!
You die...

####.###
#@h....#
#.....l#
#......#
#......#
########


You could see Natasha and a leopard gecko (asleep).

Vanquished Creatures
  An ooze (D:2)
  2 dart slugs (D:1)
  A leopard gecko (D:1)
  6 goblins (D:1)
  6 hobgoblins
  2 bats (D:1)
  2 frilled lizards
  3 kobolds (D:1)
  A rat (D:1)
24 creatures vanquished.

Notes
Turn   | Place    | Note
-------+----------+-------------------------------------------
     0 | D:1      | snek11 the Octopode Assassin began the quest for the Orb.
     0 | D:1      | Reached XP level 1. HP: 14/14 MP: 1/1
   121 | D:1      | Reached XP level 2. HP: 16/19 MP: 2/2
   304 | D:1      | Reached skill level 6 in Stealth
   518 | D:1      | Reached XP level 3. HP: 24/24 MP: 3/3
   896 | D:1      | You fall into a shaft and drop 1 floor!
   902 | D:2      | Noticed Natasha
   926 | D:3      | Slain by Natasha

Illustrated notes

Levels and vault maps discovered:
D:1:      lemuel_arrival_rhombus, layout_basic
D:2:      layout_rooms, uniq_jessica, uniq_natasha, uniq_crazy_yiuf_cottage
D:3:      layout_rooms, marbit_many_paths, uniq_sigmund

Skill      XL: |  1  2 |
---------------+-------+-----
Stealth        | 6 |  6.0
Fighting       | |  2.0
Short Blades   | |  2.3
Throwing       | |  2.4
Dodging        | |  1.3

Action                   || total
-------------------------++-------
Melee: Short sword       ||    25
       Dagger            ||     4
       Tentacles         ||     7
       Constrict         ||     7
Throw: Stone             ||    21
       Dart              ||     2
  Use: Scroll            ||     1
 Stab: Sleeping          ||     2
Armor: Skin              ||     1
Dodge: Dodged            ||    19
